 Dungeon Crawl Stone Soup version 0.27-a0-1036-g8e1b44f6bd (webtiles) character file.

Game seed: 16406070548186288968

8 keltmir the Grasshopper (level 2, -2/26 HPs)
             Began as a Gnoll Warper on July 29, 2020.
             Slain by a quokka (3 damage)
             ... on level 3 of the Dungeon on Dec 4, 2023.
             The game lasted 00:01:40 (482 turns).

keltmir the Grasshopper (Gnoll Warper)               Turns: 482, Time: 00:01:41

Health: -2/26      AC:  3    Str: 13    XL:     2   Next: 8%
Magic:  7/7        EV: 13    Int: 15    God:
Gold:   59         SH:  0    Dex: 14    Spells: 10/10 levels left

rFire    . . .     SeeInvis .   a - +0 mace
rCold    . . .     Faith    .   (no shield)
rNeg     . . .     Spirit   .   b - +0 leather armour
rPois    .         Reflect  .   (no helmet)
rElec    .         Harm     .   (no cloak)
rCorr    .         Rampage  .   (no gloves)
Will     .....                  (no boots)
Stlth    +.........             (no amulet)
HPRegen  0.08/turn              (no ring)
MPRegen  0.10/turn              (no ring)

@: no status effects
A: fangs 1, strong nose, distributed training
a: no special abilities


You were on level 3 of the Dungeon.
You visited 1 branch of the dungeon, and saw 3 of its levels.

You collected 59 gold pieces.

Inventory:

Hand Weapons
 a - a +0 mace (weapon)
Missiles
 e - 5 boomerangs of dispersal (quivered)
Armour
 b - a +0 leather armour (worn)
Scrolls
 c - a scroll of teleportation {unknown}
 d - 2 scrolls of blinking


   Skills:
 + Level 4.4 Fighting
 + Level 0.2 Short Blades
 + Level 0.2 Long Blades
 + Level 0.2 Axes
 + Level 4.4 Maces & Flails
 + Level 0.2 Polearms
 + Level 0.2 Staves
 + Level 0.2 Slings
 + Level 0.2 Bows
 + Level 0.2 Crossbows
 + Level 2.4 Throwing
 + Level 2.4 Armour
 + Level 4.4 Dodging
 + Level 0.2 Stealth
 + Level 0.2 Shields
 + Level 0.2 Unarmed Combat
 + Level 4.9 Spellcasting
 + Level 0.1 Conjurations
 + Level 0.1 Hexes
 + Level 0.1 Summonings
 + Level 0.1 Necromancy
 + Level 5.3 Translocations
 + Level 0.1 Transmutations
 + Level 0.1 Fire Magic
 + Level 0.1 Ice Magic
 + Level 0.1 Air Magic
 + Level 0.1 Earth Magic
 + Level 0.1 Poison Magic
 + Level 0.3 Invocations
 + Level 0.2 Evocations


You had 10 spell levels left.
You didn't know any spells.
Your spell library contained the following spells:

 Spells                   Type           Power      Damage    Failure   Level
 Blink                    Tloc           N/A        N/A       3%          2
 Gell's Gravitas          Tloc           9%         N/A       7%          3
 Lesser Beckoning         Tloc           9%         N/A       7%          3
 Teleport Other           Tloc           19%        N/A       7%          3
 Passage of Golubria      Tloc           N/A        N/A       22%         4


Dungeon Overview and Level Annotations

Branches:
Dungeon (3/15)

Altars:


Innate Abilities, Weirdness & Mutations

You have very sharp teeth.
Your uncanny sense of smell can sniff out nearby items.
Your experience applies equally to all skills.


Message History

A quokka comes into view.
The quokka closely misses you. The quokka bites you. The quokka bites you.
The quokka closely misses you. The quokka closely misses you.
The quokka barely misses you. The quokka barely misses you.
The quokka closely misses you. The quokka bites you.
The quokka completely misses you. The quokka bites you. The quokka bites you.
The quokka bites you. The quokka closely misses you.
You barely miss the quokka. Your bite misses the quokka. The quokka misses you.
You barely miss the quokka. You bite the quokka, but do no damage.
The quokka misses you. The quokka closely misses you.
The quokka closely misses you. The quokka bites you.
The quokka bites you but does no damage.
The quokka barely misses you. The quokka barely misses you.
The quokka bites you but does no damage.
The quokka closely misses you. The quokka barely misses you.
The quokka bites you.
* * * LOW HITPOINT WARNING * * *
The quokka barely misses you. The quokka bites you.
* * * LOW HITPOINT WARNING * * *
The quokka bites you.
* * * LOW HITPOINT WARNING * * *
The quokka closely misses you. The quokka bites you.
* * * LOW HITPOINT WARNING * * *
The quokka barely misses you. The quokka bites you.
* * * LOW HITPOINT WARNING * * *
The quokka bites you.
* * * LOW HITPOINT WARNING * * *
The quokka bites you.
You die...

#.# ### #.# ∆ #.#
# #.# .# #.# ###.
#.# #.. ### #.#
#.#######..
#.######.#......#.
#@r...........##.#
########.#.##.####
#....##.# ∆
......##.#
###...###.# ##.##
#.# #.# #.# ∆ #.#
#.#


You could see a quokka.

Vanquished Creatures
  A dart slug (D:1)
  A goblin (D:1)
  A hobgoblin (D:1)
  A quokka (D:2)
  2 rats (D:1)
6 creatures vanquished.

Vanquished Creatures (others)
  2 fungi (D:2)
2 creatures vanquished.

Grand Total: 8 creatures vanquished

Notes
Turn   | Place    | Note
-------+----------+-------------------------------------------
     0 | D:1      | keltmir the Gnoll Warper began the quest for the Orb.
     0 | D:1      | Reached XP level 1. HP: 20/20 MP: 6/6
    27 | D:1      | Upgraded the game from 0.26-a0-455-g0958c023ba to
                  | 0.27-a0-1036-g8e1b44f6bd
   313 | D:1      | Reached XP level 2. HP: 23/26 MP: 7/7
   481 | D:3      | HP: 1/26 [quokka (1)]
   482 | D:3      | Slain by a quokka

Illustrated notes

Levels and vault maps discovered:
D:1:      dpeg_arrival_round_c, layout_basic, kennysheep_another_room
D:2:      layout_loops_ring, tgw_kikubaaqudgha, serial_shops, shop,
          uniq_crazy_yiuf_cottage
D:3:      layout_loops_ring, general_overflow_altar,
          nicolae_hepliaklqana_hazy_memory

Action                   || total
-------------------------++-------
Melee: Mace              ||    23
       Bite              ||     4
Armor: Leather armour    ||     7
Dodge: Dodged            ||    28

Table legend: (Time is in decaauts)
 A = Elapsed time spent in this place.
 B = Non-inter-level travel time spent in this place.
 C = Inter-level travel time spent in this place.
 D = Time resting spent in this place.
 E = Time spent auto-exploring this place.
 F = Levels seen in this place.
 G = Mean time per level.
                   A        B        C        D        E       F      G
               +--------+--------+--------+--------+--------+-----+--------+
         Total |    485 |    471 |     14 |      0 |    360 |   3 |  161.7 |
       Dungeon |    485 |    471 |     14 |      0 |    360 |   3 |  161.7 |
               +--------+--------+--------+--------+--------+-----+--------+

Top non-repeatable levels by time:
     D:1: 334 daAuts
     D:3: 77 daAuts
     D:2: 74 daAuts
